 Dungeon Crawl Stone Soup version 0.21.1-1-g345015fe64 (webtiles) character file.

116 KleinerIrrer the Chopper (level 5, -7/41 HPs)
             Began as a Formicid Fighter on Apr 2, 2018.
             Killed from afar by Natasha (9 damage)
             ... with a magic dart
             ... on level 2 of the Dungeon.
             The game lasted 00:01:48 (1564 turns).

KleinerIrrer the Chopper (Formicid Fighter)         Turns: 1564, Time: 00:01:48

Health: -7/41      AC:  6    Str: 22    XL:     5   Next: 21%
Magic:  5/5        EV:  8    Int:  7    God:
Gold:   71         SH:  9    Dex: 10    Spells: 4/4 levels left

rFire    . . .     SeeInvis +   a - +0 war axe
rCold    . . .     Gourm    .   c - +0 shield
rNeg     + . .     Faith    .   b - +0 scale mail
rPois    .         Spirit   .   (helmet unavailable)
rElec    .         Reflect  .   (no cloak)
rCorr    .         Harm     .   (no gloves)
MR       .....                  (no boots)
Stlth    ..........             (no amulet)
HPRegen  0.13/turn              e - ring of positive energy
MPRegen  0.09/turn              (no ring)

@: lethally poisoned (-7 -> -9)
A: permanent stasis, dig shafts and tunnels, four strong arms, antennae 3
a: Dig, Shaft Self


You were on level 2 of the Dungeon.
You were not hungry.

You visited 1 branch of the dungeon, and saw 2 of its levels.

You collected 71 gold pieces.

Inventory:

Hand Weapons
 a - a +0 war axe (weapon)
Armour
 b - a +0 scale mail (worn)
 c - a +0 shield (worn)
Jewellery
 e - a ring of positive energy (left hand)
Scrolls
 g - a scroll of random uselessness {unknown}
 l - 2 scrolls of enchant armour {unknown}
Potions
 d - a potion of might
 h - a potion of invisibility
 i - a potion of heal wounds {unknown}
 k - 2 potions of brilliance {unknown}
 m - 2 potions of lignification {unknown}
Comestibles
 f - 2 rations
 j - a chunk of flesh


   Skills:
 - Level 3.4 Fighting
 + Level 4.7 Axes
 - Level 3.4 Armour
 - Level 3.8 Shields


You had 4 spell levels left.
You didn't know any spells.

Dungeon Overview and Level Annotations

Branches:
Dungeon (2/15)

Altars:

Annotations:
D:2 Natasha


Innate Abilities, Weirdness & Mutations

You cannot be hasted, slowed, berserked, paralysed or teleported.
You can dig through walls and to a lower floor.
Your four strong arms can wield two-handed weapons with a shield.
You have a pair of large antennae on your head. (SInv)


Message History

Natasha zaps a wand.
The puff of flame hits you!
* * * LOW HITPOINT WARNING * * *
Natasha stares at you and mumbles some strange words.
The magic dart hits you!
* * * LOW HITPOINT WARNING * * *
An adder comes into view.
You barely miss the adder. You block the adder's attack. x2
You miss the adder.
Natasha zaps a wand.
The puff of flame hits you!
* * * LOW HITPOINT WARNING * * *
The adder bites you.
* * * LOW HITPOINT WARNING * * *
You are lethally poisoned!
The adder poisons you! You block the adder's attack.
You barely miss the adder.
* * * LOW HITPOINT WARNING * * *
You feel sick. The adder bites you but does no damage.
You miss the adder. You block the adder's attack.
Natasha stares at you and mumbles some strange words.
The magic dart hits you!
You die...

.##....#......#.......#
#.#.#
.......#......#...##..#
#.#.#
..............#.(.##..#
#.#.#
..............#.).##..#
#...#
..+########'..#...##..#
#####
.......#h.#...##..#
+####+.#..#....#..#
#.#.##....#..#
#.#.@S....+ #
#b#.###...# # #.#.. .#
# +.#.. # #... # '..# #
..## # ## #.#####
#......


You could see Natasha and an adder.

Vanquished Creatures
  Natasha (twice) (D:2)
  2 adders (D:2)
  A dart slug (D:1)
  2 leopard geckos (D:1)
  4 giant cockroaches (D:1)
  8 goblins
  7 hobgoblins
  A ball python (D:1)
  4 bats
  A frilled lizard (D:1)
  7 kobolds (D:1)
  3 rats (D:1)
42 creatures vanquished.

Notes
Turn   | Place    | Note
-------+----------+-------------------------------------------
     0 | D:1      | KleinerIrrer the Formicid Fighter began the quest for the Orb.
     0 | D:1      | Reached XP level 1. HP: 18/18 MP: 1/1
    48 | D:1      | Reached XP level 2. HP: 24/24 MP: 2/2
   419 | D:1      | Reached XP level 3. HP: 28/29 MP: 3/3
   550 | D:1      | Reached skill level 3 in Axes
  1004 | D:2      | Reached XP level 4. HP: 28/35 MP: 4/4
  1099 | D:2      | Noticed Natasha
  1105 | D:2      | Killed Natasha
  1105 | D:2      | Reached skill level 4 in Axes
  1396 | D:2      | Noticed Natasha
  1409 | D:2      | Killed Natasha
  1409 | D:2      | Reached XP level 5. HP: 10/41 MP: 5/5
  1556 | D:2      | Noticed Natasha
  1563 | D:2      | HP: 2/41 [poisoned by an adder]
  1564 | D:2      | Killed from afar by Natasha

Skill      XL: |  1  2  3  4 |
---------------+-------------+-----
Axes           | 3 4 |  4.7
Fighting       | |  3.4
Armour         | |  3.4
Shields        | |  3.8

Action                   |  1- 3 |  4- 6 || total
-------------------------+-------+-------++-------
Melee: War axe           |    83 |    26 ||   109
  Use: Scroll            |     2 |       ||     2
  Eat: Chunk             |       |     2 ||     2
Armor: Scale mail        |    31 |     8 ||    39
Dodge: Dodged            |    34 |     4 ||    38
Block: Shield            |    42 |    10 ||    52
